 Dungeon Crawl Stone Soup version 0.19-a0-805-g0a78ef0 (webtiles) character file.

816 MrRokkomies the Slicer (level 8, -1/48 HPs)
             Began as a Kobold Abyssal Knight on June 27, 2016.
             Was a Believer of Lugonu.
             Slain by Pikel
             ... wielding a +0 whip of freezing
              (9 damage)
             ... on level 5 of the Dungeon.
             The game lasted 00:15:48 (5665 turns).

MrRokkomies the Slicer (Kobold Abyssal Knight)      Turns: 5665, Time: 00:15:48

Health: -1/48      AC:  7    Str: 17    XL:     8   Next: 16%
Magic:  9/13       EV: 13    Int: 11    God:    Lugonu [**....]
Gold:   171        SH:  0    Dex: 18    Spells: 0 memorised, 7 levels left

rFire  . . .     SeeInvis .     a - +2 short sword
rCold  . . .     Gourm    .     m - +0 scale mail
rNeg   . . .     Faith    .     (shield restricted)
rPois  .         Spirit   .     (no helmet)
rElec  .         Dismiss  .     u - +0 cloak
rCorr  .         Reflect  .     (no gloves)
SustAt .         Harm     .     (no boots)
MR     .....                    (no amulet)
Stlth  ..........               (no ring)
                                v - +3 ring of dexterity

@: mighty, very slightly contaminated, hasted, very quick, not resistant to
hostile enchantments, extremely unstealthy
A: carnivore 3
a: Depart the Abyss, Bend Space, Renounce Religion


You were on level 5 of the Dungeon.
You worshipped Lugonu.
Lugonu was pleased with you.
You were not hungry.

You visited 1 branch of the dungeon, and saw 5 of its levels.
You visited the Abyss 1 time.

You collected 171 gold pieces.

Inventory:

Hand Weapons
 a - a +2 short sword (weapon)
Missiles
 l - 9 tomahawks (quivered)
Armour
 m - a +0 scale mail (worn)
 u - a +0 cloak (worn)
Jewellery
 q - an uncursed ring of fire
 v - a +3 ring of dexterity (left hand)
Scrolls
 e - 6 scrolls of teleportation
 r - 2 scrolls of remove curse
 s - 2 scrolls of enchant weapon
Potions
 f - a potion of curing {unknown}
 g - a potion of cure mutation {unknown}
 h - a potion of magic {unknown}
 j - 2 potions of degeneration {unknown}
 k - a potion of cancellation {unknown}
 n - a potion of lignification {unknown}
 o - a potion of experience {unknown}
Comestibles
 c - 4 meat rations
 i - a royal jelly
 p - a slice of pizza
 t - 2 beef jerkies


   Skills:
 * Level 3.7 Fighting
 - Level 8.0 Short Blades
 - Level 0.7 Armour
 - Level 2.4 Dodging
 * Level 7.0 Invocations


You had 7 spell levels left.
You didn't know any spells.

Dungeon Overview and Level Annotations

Branches:
Dungeon (5/15)             Temple (0/1) D:4

Altars:
Gozag
Hepliaklqana
Okawaru
Vehumet
The Shining One

Annotations:
D:5 Pikel


Innate Abilities, Weirdness & Mutations

You are small and have problems with some larger weapons.
You are carnivorous and can eat meat at any time.


Message History

Pikel hits you with a whip of freezing. Pikel freezes you.
You closely miss Pikel.
Pikel is moderately wounded.
You puncture Pikel!
Pikel is heavily wounded.
Pikel hits you but does no damage.
You closely miss Pikel.
Pikel is moderately wounded.
You miss Pikel.
Pikel is moderately wounded.
Pikel hits you with a whip of freezing!
* * * LOW HITPOINT WARNING * * *
Pikel freezes you.
* * * LOW HITPOINT WARNING * * *
You hit Pikel.
Pikel is heavily wounded.
You completely miss Pikel.
Pikel is heavily wounded.
Pikel hits you with a whip of freezing!
You die...

...........##
............#
............#
............#
............# .
............# ##.#
...........## ?....
###.......####.....#
#.#.....@Kp...#
......#####.##.#
....... #.# .......
... ....### ...#
#... ....# #.# ...##
.#...


You could see Pikel and a slave.

Vanquished Creatures
  3 slaves (D:4)
  An ogre (D:3)
  A howler monkey (D:4)
  A hound (D:5)
  2 orc wizards
  A centaur skeleton (D:4)
  3 orc priests
  An iguana (D:4)
  Jessica (D:3)
  Ijyb (D:2)
  A worker ant (D:3)
  4 gnolls
  5 adders
  An ooze (D:3)
  5 worms
  2 dart slugs (D:2)
  12 orcs
  3 giant cockroaches
  4 goblins
  10 hobgoblins
  10 jackals
  10 kobolds
  A quokka (D:2)
  A ball python (D:1)
  10 bats
  A giant gecko skeleton (D:4)
  10 giant newts
  5 rats
110 creatures vanquished.

Vanquished Creatures (others)
  The ghost of Steforg the Caller, an amateur VSSu (D:4)
  A phantom (D:4)
  2 orc priests
  An orc wizard (D:3)
5 creatures vanquished.

Grand Total: 115 creatures vanquished

Notes
Turn   | Place    | Note
--------------------------------------------------------------
     0 | Abyss:1  | MrRokkomies the Kobold Abyssal Knight began the quest for the Orb.
     0 | Abyss:1  | Reached XP level 1. HP: 14/14 MP: 2/2
    17 | D:1      | Escaped the Abyss
   121 | D:1      | Reached skill level 3 in Short Blades
   129 | D:1      | Reached XP level 2. HP: 11/19 MP: 3/3
   337 | D:1      | Reached ** piety under Lugonu
   637 | D:1      | Reached XP level 3. HP: 13/23 MP: 5/5
  1736 | D:2      | Noticed Ijyb
  1757 | D:2      | Killed Ijyb
  1757 | D:2      | Reached skill level 4 in Short Blades
  1757 | D:2      | Reached XP level 4. HP: 21/28 MP: 6/6
  2341 | D:2      | Found an opulent altar of Gozag.
  2345 | D:2      | Found a hazy altar of Hepliaklqana.
  2349 | D:2      | Found a glowing golden altar of the Shining One.
  2381 | D:2      | Reached XP level 5. HP: 30/32 MP: 6/8
  2460 | D:3      | Found an iron altar of Okawaru.
  2530 | D:3      | Reached *** piety under Lugonu
  2558 | D:3      | Noticed an ogre
  2568 | D:3      | Killed an ogre
  2568 | D:3      | Reached skill level 5 in Short Blades
  2568 | D:3      | Reached XP level 6. HP: 37/37 MP: 4/9
  2755 | D:3      | Noticed Jessica
  2758 | D:3      | Reached skill level 5 in Invocations
  2783 | D:3      | Killed Jessica
  2783 | D:3      | Reached skill level 6 in Short Blades
  2885 | D:3      | Found a radiant altar of Vehumet.
  3194 | D:3      | Reached XP level 7. HP: 9/41 MP: 9/11
  4251 | D:3      | Got a scorched ring mail
  4432 | D:3      | Identified the cursed +1 ring mail of Pride {Regen+ Str-5 Stlth+} (You took it off a gnoll on level 3 of the Dungeon)
  4447 | D:4      | Found a staircase to the Ecumenical Temple.
  4457 | D:4      | Noticed Steforg's ghost (amateur VSSu)
  4475 | D:4      | Reached skill level 7 in Short Blades
  4539 | D:4      | Banished Steforg's ghost
  4859 | D:4      | Reached XP level 8. HP: 46/46 MP: 13/13
  4890 | D:4      | Reached skill level 8 in Short Blades
  5289 | D:5      | Entered Level 5 of the Dungeon
  5317 | D:5      | Noticed Pikel
  5665 | D:5      | Slain by Pikel

Vault maps used:
D:1:      dpeg_arrival_connections, minmay_newt_pond
D:2:      grunt_temple_overflow_diamond, uniq_iyjb
D:3:      vehumet_crystals, first_bread, lightli_sewer_entry_pipes,
          okawaru_metal_pillars_1_2, uniq_jessica
D:5:      grunt_temple_overflow_order_and_chaos_1,
          lemuel_zombie_altar_yredelemnul, old_standard_altar, uniq_pikel
Abyss:1:  evilmike_abyss_exit_15

Skill      XL: |  1  2  3  4  5  6  7  8 |
---------------+-------------------------+-----
Short Blades   | 3 4 5 6 7 8 |  8.0
Invocations    | 3 4 5 6 7 |  7.0
Fighting       | |  3.7
Armour         | |  0.7
Dodging        | |  2.4

Action                   |  1- 3 |  4- 6 |  7- 9 || total
-------------------------+-------+-------+-------++-------
Melee: Short sword       |   175 |   191 |   233 ||   599
Throw: Throwing net      |       |     1 |       ||     1
Invok: Banish            |       |     4 |     6 ||    10
  Use: Scroll            |     5 |     1 |     2 ||     8
       Potion            |       |     1 |     3 ||     4
  Eat: Chunk             |     4 |    10 |     8 ||    22
Armor: Leather armour    |    16 |       |       ||    16
       Ring mail         |    28 |       |    13 ||    41
       Scale mail        |       |    53 |    54 ||   107
Dodge: Dodged            |   122 |    97 |   114 ||   333
